 Dungeon Crawl Stone Soup version 0.25.1-2-g60ff931df9 (webtiles) character file.

Game seed: 12306361034534228697

786 GameOver the Conjurer (level 7, -2/55 HPs)
             Began as a Naga Wizard on Sept 1, 2020.
             Killed from afar by Dowan (23 damage)
             ... with a shard of ice
             ... on level 5 of the Dungeon.
             The game lasted 00:23:10 (3180 turns).

GameOver the Conjurer (Naga Wizard)                 Turns: 3180, Time: 00:23:10

Health: -2/55      AC:  3    Str: 10    XL:     7   Next: 86%
Magic:  2/11       EV: 10    Int: 20    God:
Gold:   217        SH:  0    Dex:  9    Spells: 3/12 levels left

rFire    . . .     SeeInvis +   w - +1 dagger (venom)
rCold    . . .     Gourm    .   (no shield)
rNeg     . . .     Faith    .   a - +0 robe
rPois    +         Spirit   .   b - +0 hat
rElec    .         Reflect  .   (no cloak)
rCorr    .         Harm     .   (no gloves)
MR       .....                  (no barding)
Stlth    ++........             (no amulet)
HPRegen  0.18/turn              (no ring)
MPRegen  0.12/turn              (no ring)

@: short of breath, very slow
A: large, see invisible, deformed body, poison resistance, slowness 2, slow
metabolism 1, spit poison 1, AC +2
a: Spit Poison


You were on level 5 of the Dungeon.
You were hungry.

You visited 1 branch of the dungeon, and saw 5 of its levels.

You collected 217 gold pieces.

Inventory:

Hand Weapons
 n - a +2 dagger of flaming
 s - a +0 spear
 w - a +1 dagger of venom (weapon)
 W - a +2 mace of protection
Missiles
 j - a throwing net (quivered)
Armour
 a - a +0 robe (worn)
 b - a +0 hat (worn)
Wands
 q - a wand of random effects (36)
 y - a wand of acid (11)
Scrolls
 i - 5 scrolls of identify {unknown}
 l - 3 scrolls of magic mapping {unknown}
 m - a scroll of random uselessness {unknown}
 o - a scroll of teleportation {unknown}
 r - a scroll of immolation {unknown}
 t - a scroll of noise {unknown}
 v - a scroll of amnesia {unknown}
Potions
 c - 2 potions of brilliance {unknown}
 e - 3 potions of mutation {unknown}
 f - 3 potions of curing {unknown}
 g - a potion of heal wounds {unknown}
 k - 2 potions of berserk rage {unknown}
 p - a potion of degeneration {unknown}
 u - 2 potions of might {unknown}
 x - a potion of stabbing {unknown}
Comestibles
 d - 9 rations
 h - 2 chunks of flesh


   Skills:
 - Level 1.5 Dodging
 - Level 3.0 Stealth
 - Level 3.0 Spellcasting
 - Level 6.0 Conjurations
   Level 1.0 Summonings
 - Level 3.0 Translocations
 + Level 1.9 Fire Magic
 + Level 5.9 Poison Magic


You had 3 spell levels left.
You knew the following spells:

 Your Spells              Type           Power        Failure   Level  Hunger
a - Magic Dart            Conj           ####         1%          1    None
b - Blink                 Tloc           N/A          6%          2    ##.....
d - Mephitic Cloud        Conj/Pois/Air  ###.....     9%          3    ###....
f - Conjure Flame         Conj/Fire      ###.....     9%          3    ###....

Your spell library contained the following spells:

 Spells                   Type           Power        Failure   Level  Hunger
 Call Imp                 Summ           #.......     14%         2    ##.....
 Slow                     Hex            #.......     22%         2    ##.....


Dungeon Overview and Level Annotations

Branches:
Dungeon (5/15)
 Temple: D:4-7

Altars:
Elyvilon
Qazlal
Xom

Annotations:
D:5 Dowan


Innate Abilities, Weirdness & Mutations

You cannot wear boots.
Your serpentine skin is tough. (AC +2)
You have supernaturally acute eyesight. (SInv)
Armour fits poorly on your strangely shaped body.
Your system is resistant to poisons. (rPois)
You cover ground very slowly.
You have a slow metabolism.
You can spit poison.


Message History

Press: ? - help, Shift-Dir - straight line, f/p - Dowan
Aim: Dowan, wielding a +0 dagger and wearing a +0 robe of positive energy (entangled in a net)
The splash of poison hits Dowan!
Dowan is poisoned.
Dowan is moderately wounded.
You feel slightly more hungry.
Dowan struggles against the net.
Duvessa hits you with a +0 short sword.
You barely miss Duvessa.
Duvessa is severely wounded.
Dowan struggles against the net.
Duvessa hits you with a +0 short sword!
You hit Duvessa.
Duvessa looks as sick as possible!
Duvessa is almost dead.
You kill Duvessa!
Dowan seems overcome with grief, but rights himself reflexively soon after.
Dowan seems to find hidden reserves of power!
Training target 3.0 for Translocations reached!
Your Translocations skill increases to level 3!
Dowan struggles against the net.
Dowan casts a spell at you. The shard of ice hits you!!
You die...

##...####
##.#...#
#######..###.#
# ...).....#
.# a
...#####(###.#
.# .. ##...#
#####.# .
##.## #.....#
#.####)^^^.#
#......@_^.##
######...^..#
#.........#
#.##.#..#.# #.
#e##...# #.
..# .### #.
### [# #e .#
#.


You could see Dowan (fast, caught, poisoned) and a worker ant (confused).

Vanquished Creatures
  Sigmund (D:4)
  Duvessa (D:5)
  An ogre (D:5)
  A bullfrog (D:4)
  A quasit (D:5)
  A bullfrog skeleton (D:4)
  An iguana (D:5)
  4 worker ants
  Ijyb (D:5)
  A hound skeleton (D:4)
  A gnoll (D:5)
  3 adders
  2 oozes (D:2)
  2 adder zombies (D:5)
  2 worms
  3 dart slugs
  5 leopard geckos
  3 orcs (D:5)
  14 giant cockroaches
  9 goblins
  5 hobgoblins
  7 jackals
  12 kobolds
  4 quokkas
  4 ball pythons
  10 bats
  3 frilled lizards
  7 rats
109 creatures vanquished.

Notes
Turn   | Place    | Note
-------+----------+-------------------------------------------
     0 | D:1      | GameOver the Naga Wizard began the quest for the Orb.
     0 | D:1      | Reached XP level 1. HP: 15/15 MP: 4/4
   187 | D:1      | Reached skill level 2 in Conjurations
   187 | D:1      | Reached XP level 2. HP: 15/22 MP: 1/6
   382 | D:1      | Reached XP level 3. HP: 28/28 MP: 5/7
   386 | D:1      | Learned a level 2 spell: Blink
   390 | D:1      | Learned a level 3 spell: Mephitic Cloud
   623 | D:1      | Reached skill level 3 in Conjurations
   774 | D:2      | Reached skill level 1 in Poison Magic
   875 | D:2      | Reached XP level 4. HP: 36/36 MP: 4/8
   908 | D:2      | Found a stormy altar of Qazlal.
  1367 | D:3      | Reached skill level 4 in Conjurations
  1695 | D:3      | Reached XP level 5. HP: 42/42 MP: 9/9
  2111 | D:4      | Learned a level 3 spell: Conjure Flame
  2174 | D:4      | Noticed Sigmund
  2200 | D:4      | Killed Sigmund
  2200 | D:4      | Reached skill level 5 in Conjurations
  2200 | D:4      | Reached XP level 6. HP: 15/49 MP: 0/10
  2372 | D:4      | Found a white marble altar of Elyvilon.
  2540 | D:4      | Reached XP level 7. HP: 55/55 MP: 11/11
  2750 | D:5      | Entered Level 5 of the Dungeon
  2758 | D:5      | Reached skill level 6 in Conjurations
  2822 | D:5      | Reached skill level 5 in Poison Magic
  2880 | D:5      | Noticed Ijyb
  3035 | D:5      | Killed Ijyb
  3087 | D:5      | Reached skill level 1 in Fire Magic
  3146 | D:5      | Found a shimmering altar of Xom.
  3161 | D:5      | Noticed Duvessa
  3162 | D:5      | Noticed Dowan
  3180 | D:5      | Killed Duvessa
  3180 | D:5      | Killed from afar by Dowan

Illustrated notes

Levels and vault maps discovered:
D:1:      lightli_arrival_maybe_door_vault, layout_basic
D:2:      minmay_roachtagon, layout_rooms, grunt_qazlal_sundering
D:3:      layout_basic, first_ration
D:4:      layout_basic, grunt_decor_fettered, elyvilon_altar_5, uniq_sigmund
D:5:      layout_loops_cross, xom_teletrap_fun,
          minmay_temple_entry_glassed_door, uniq_duvessa, uniq_pikel, uniq_ijyb

Skill      XL: |  1  2  3  4  5  6  7 |
---------------+----------------------+-----
Conjurations   | 2 3 4 5 6 |  6.0
Poison Magic   | 1 2 4 5 |  5.9
Translocations | 3 |  3.0
Fire Magic     | 1 |  1.9
Dodging        | |  1.5
Stealth        | |  3.0
Spellcasting   | |  3.0
Summonings     | |  1.0

Action                   |  1- 3 |  4- 6 |  7- 9 || total
-------------------------+-------+-------+-------++-------
Melee: Club              |     6 |       |       ||     6
       Dagger            |    20 |    31 |    68 ||   119
Throw: Throwing net      |       |       |     1 ||     1
 Cast: Magic Dart        |    45 |    46 |    21 ||   112
       Mephitic Cloud    |       |     2 |     8 ||    10
       Conjure Flame     |       |     3 |       ||     3
       Blink             |       |     1 |       ||     1
 Abil: Spit Poison       |    38 |    33 |    23 ||    94
 Stab: Confused          |       |       |     2 ||     2
  Eat: Chunk             |     2 |     7 |     3 ||    12
Armor: Robe              |    20 |     9 |    20 ||    49
Dodge: Dodged            |    26 |    21 |    50 ||    97
